 Dungeon Crawl Stone Soup version 0.23.2-30-g0e89c35649 (webtiles) character file.

Game seed: 6934063343224040177

6442 mahrnol the Basher (level 10, 1/87 (88) HPs)
             Began as a Troll Berserker on June 11, 2019.
             Was an Elder of Trog.
             Quit the game on level 9 of the Dungeon.
             The game lasted 00:52:25 (8502 turns).

mahrnol the Basher (Troll Berserker)                Turns: 8502, Time: 00:52:26

HP:   1/87 (88)     AC:  8    Str: 27    XL:     10   Next: 67%
MP:   0/9           EV: 20    Int:  3    God:    Trog [****..]
Gold: 501           SH:  0    Dex: 17    Spells: 9/9 levels left

rFire    + + .     SeeInvis +   r - +3 whip
rCold    x . .     Gourm    +   (no shield)
rNeg     . . .     Faith    .   B - +2 robe {rF+}
rPois    .         Spirit   +   (helmet restricted)
rElec    .         Reflect  .   m - scarf {cloud immunity}
rCorr    .         Harm     .   (gloves unavailable)
MR       .....                  (boots unavailable)
Stlth    +++.......             d - amulet of guardian spirit
HPRegen  0.64/turn              i - ring of fire
MPRegen  0.11/turn              u - ring of see invisible

@: agile, lethally poisoned (1 -> -2), slowed, very slow
A: large, unfitting armour, claws 3, fast metabolism 3, gourmand, regeneration
1, shaggy fur 1, tough skin 3
a: Berserk, Trog's Hand, Brothers in Arms, Renounce Religion


You were on level 9 of the Dungeon.
You worshipped Trog.
Trog was greatly pleased with you.
You were completely stuffed.

You visited 1 branch of the dungeon, and saw 9 of its levels.
You also visited: Ossuary.

You collected 501 gold pieces.

Inventory:

Hand Weapons
 a - the +2 spear "Edakist" {flame, Dex+7}
   (You found it on level 6 of the Dungeon)

   It has been specially enchanted to burn those struck by it, causing extra
   injury to most foes and up to half again as much damage against particularly
   susceptible opponents.
   It affects your dexterity (+7).
 p - a +0 hunting sling
 r - a +3 whip (weapon)
 y - a +2 rapier of venom
 C - a +0 giant spiked club
 J - a +2 antimagic lajatang
Missiles
 f - 79 sling bullets
 q - 298 stones (quivered)
 x - 32 poisoned needles
 F - 4 javelins
Armour
 m - a scarf of cloud immunity (worn)
 B - a +2 robe of fire resistance (worn)
Jewellery
 d - an amulet of guardian spirit (around neck)
 i - a ring of fire (left claw)
 u - a ring of see invisible (right claw)
 v - an uncursed ring of wizardry
Wands
 I - a wand of paralysis (14)
 O - a wand of scattershot (4)
Scrolls
 b - 2 scrolls of magic mapping {unknown}
 e - a scroll of amnesia {unknown}
 h - 13 scrolls of identify {unknown}
 k - a scroll of enchant armour {unknown}
 n - 4 scrolls of remove curse
 s - 10 scrolls of teleportation {unknown}
 t - 2 scrolls of enchant weapon {unknown}
 A - 2 scrolls of blinking {unknown}
 D - 2 scrolls of fog {unknown}
 E - a scroll of random uselessness {unknown}
 M - a scroll of fear {unknown}
Potions
 g - 3 potions of curing {unknown}
 j - 3 potions of lignification {unknown}
 l - 3 potions of agility
 o - a potion of magic {unknown}
 w - a potion of ambrosia {unknown}
 z - 2 potions of heal wounds {unknown}
 G - 2 potions of brilliance {unknown}
 H - 2 potions of haste {unknown}
 K - a potion of invisibility {unknown}
 L - a potion of flight {unknown}
 N - 2 potions of cancellation {unknown}
 Q - a potion of resistance {unknown}
Miscellaneous
 P - a fan of gales
Comestibles
 c - 9 rations
 R - 2 chunks of flesh


   Skills:
 - Level 2.4 Fighting
 - Level 12.0 Maces & Flails
 + Level 8.1 Dodging
 - Level 2.0 Stealth


You had 9 spell levels left.
You didn't know any spells.
Your spell library contained the following spells:

 Spells                   Type           Power        Failure   Level  Hunger
 Beastly Appendage        Tmut           #.....       52%         1    ##.....
 Confusing Touch          Hex            #.....       52%         1    ##.....
 Sticks to Snakes         Tmut           #.......     67%         2    ###....
 Confuse                  Hex            #.......     88%         3    ####...
 Gell's Gravitas          Tloc           #.........   88%         3    ####...
 Spider Form              Tmut/Pois      #.........   88%         3    ####...
 Ice Form                 Ice/Tmut       #.......     99%         4    #####..
 Petrify                  Tmut/Erth      #.......     99%         4    #####..
 Blade Hands              Tmut           #.........   100%        5    ######.
 Metabolic Englaciation   Hex/Ice        #.........   100%        5    ######.
 Yara's Violent Unravell  Hex/Tmut       #.........   100%        5    ######.


Dungeon Overview and Level Annotations

Branches:
Dungeon (9/15)             Temple (0/1) D:6
   Lair: D:8-11         Orc: D:9-12

Altars:
Cheibriados
Gozag
Hepliaklqana
Makhleb
Nemelex Xobeh
Okawaru
Ru
Trog
Wu Jian
Xom
Yredelemnul
Zin
The Shining One

Shops:
D:4 ?   D:6 *   D:8 (

Annotations:
D:9 Grum


Innate Abilities, Weirdness & Mutations

You are too large for most types of armour.
You have claws for hands.
Your metabolism is lightning-fast.
You like to eat raw meat.
Your natural rate of healing is unusually fast.
You are covered in fur. (AC +1)
You have extremely tough skin. (AC +3)


Message History

You feel sick. The hornet completely misses you. The hornet stings you.
* * * LOW HITPOINT WARNING * * *
You feel as though you will be slow longer.
You can move again.
* * * LOW HITPOINT WARNING * * *
You feel sick. The hornet completely misses you.
Things that are here:
2 chunks of flesh; an adder skeleton
* * * LOW HITPOINT WARNING * * *
You feel very sick. The hornet barely misses you.
It was a potion of agility.
You feel agile all of a sudden.
* * * LOW HITPOINT WARNING * * *
You feel sick. The hornet stings you.
* * * LOW HITPOINT WARNING * * *
You feel as though you will be slow longer.
The hornet barely misses you. The hornet misses you.
Okay, then.
Are you sure you want to abandon this character and quit the game? (Confirm with "yes".)

#.. ........# #. #..
........# #. #..
........# #. #..
........# #.
#..#####.##### #.
#..#.........# #.
#..%.....# #.# #.
#.##y..#.###.### #.
.. #..@.........# ##
## #....#.###...#
###..#.# #...#
....#.# #...#######
####.#.# #..........
..#.# ###........
###.# #........ #.#
#........
##+###+#####........


You could see a hornet.

Vanquished Creatures
  Harold (D:8)
  A two-headed ogre (D:8)
  A hippogriff (D:8)
  Eustachio (D:4)
  Sigmund (D:4)
  Duvessa (D:6)
  An orc warrior (D:8)
  A phantom (D:8)
  3 sky beasts
  An eye of draining (D:9)
  3 ice beasts
  2 necrophages
  4 ogres
  2 centaurs
  Blork the orc (D:4)
  5 bullfrogs
  An elf skeleton (D:5)
  3 scorpions
  A wyvern skeleton (D:7)
  Dowan (D:6)
  4 wights (D:6)
  2 centaur zombies (Ossuary)
  2 crimson imps (D:5)
  5 hounds
  2 orc priests (D:8)
  2 bullfrog skeletons
  4 human zombies
  A jelly (D:7)
  Natasha (thrice) (D:3)
  2 iguanas
  5 orc wizards
  5 worker ants
  A big kobold zombie (Ossuary)
  A hound skeleton (D:9)
  3 mummies
  2 worker ant zombies
  3 gnolls (D:2)
  17 adders
  3 shadow imps
  An ooze (D:2)
  An adder skeleton (D:8)
  2 adder zombies
  2 worms
  4 dart slugs
  2 leopard geckos
  26 orcs
  A ball python (D:2)
  9 bats
  7 giant cockroaches
  4 goblins
  6 hobgoblins
  11 jackals
  3 quokkas
  11 frilled lizards
  A goblin zombie (Ossuary)
  10 hobgoblin zombies (Ossuary)
  13 kobolds
  7 kobold zombies (Ossuary)
  A leopard gecko skeleton (D:4)
  A leopard gecko zombie (D:6)
  2 orc skeletons (D:5)
  11 orc zombies
  2 quokka zombies
  6 rats
  3 rat zombies (Ossuary)
249 creatures vanquished.

Vanquished Creatures (collateral kills)
  Erolcha (D:9)
  Joseph (D:7)
  A hippogriff (D:9)
  A necrophage (D:9)
  A big kobold (D:9)
  An orc priest (D:6)
  2 orcs (D:6)
  3 kobolds (D:9)
11 creatures vanquished.

Grand Total: 260 creatures vanquished

Notes
Turn   | Place    | Note
-------+----------+-------------------------------------------
     0 | D:1      | mahrnol the Troll Berserker began the quest for the Orb.
     0 | D:1      | Reached XP level 1. HP: 22/22 MP: 0/0
   121 | D:1      | Reached XP level 2. HP: 29/29 MP: 1/1
   239 | D:1      | Reached skill level 3 in Maces & Flails
   607 | D:1      | Reached ** piety under Trog
   607 | D:1      | Reached XP level 3. HP: 31/36 MP: 2/2
  1176 | D:2      | Found an iron altar of Okawaru.
  1255 | D:2      | Reached XP level 4. HP: 44/44 MP: 3/3
  1322 | D:2      | Reached skill level 4 in Maces & Flails
  1356 | D:2      | Found a shimmering altar of Xom.
  2204 | D:3      | Reached *** piety under Trog
  2246 | D:3      | Reached XP level 5. HP: 50/50 MP: 4/4
  2413 | D:3      | Noticed Natasha
  2422 | D:3      | Killed Natasha
  2709 | D:3      | Noticed Natasha
  2719 | D:3      | Killed Natasha
  2813 | D:3      | Found a bloodstained altar of Trog.
  2875 | D:3      | Noticed Natasha
  2884 | D:3      | Killed Natasha
  2930 | D:4      | Found Fene's Magic Scroll Shoppe.
  2934 | D:4      | Noticed Sigmund
  2972 | D:4      | Noticed Eustachio
  2982 | D:4      | Killed Eustachio
  2982 | D:4      | Reached skill level 5 in Maces & Flails
  2982 | D:4      | Reached skill level 1 in Stealth
  2982 | D:4      | Reached XP level 6. HP: 59/59 MP: 5/5
  3074 | D:4      | Killed Sigmund
  3074 | D:4      | Reached XP level 7. HP: 66/66 MP: 6/6
  3153 | D:4      | Noticed Blork the orc
  3165 | D:4      | Killed Blork the orc
  3165 | D:4      | Reached skill level 6 in Maces & Flails
  3320 | D:4      | Found a sacrificial altar of Ru.
  3424 | D:5      | Entered Level 5 of the Dungeon
  3544 | D:5      | Reached **** piety under Trog
  3676 | D:5      | Found a sand-covered staircase.
  3698 | Ossuary  | Entered an ossuary
  3836 | Ossuary  | Reached XP level 8. HP: 74/74 MP: 4/7
  3846 | Ossuary  | Reached skill level 7 in Maces & Flails
  3966 | Ossuary  | Reached ***** piety under Trog
  4166 | D:4      | Found a glowing golden altar of the Shining One.
  4330 | D:5      | Reached skill level 5 in Dodging
  4417 | D:5      | Reached skill level 8 in Maces & Flails
  4553 | D:5      | Found a hazy altar of Hepliaklqana.
  4779 | D:5      | Found a basalt altar of Yredelemnul.
  5167 | D:6      | Found Gozag's Platinum Reserve.
  5182 | D:6      | Found an opulent altar of Gozag.
  5186 | D:6      | Noticed a troll
  5335 | D:6      | Got a transparent spear
  5344 | D:6      | Reached skill level 9 in Maces & Flails
  5369 | D:6      | Found a staircase to the Ecumenical Temple.
  5370 | D:6      | Reached XP level 9. HP: 80/80 MP: 8/8
  5808 | D:6      | Noticed Dowan
  5817 | D:6      | Noticed Duvessa
  5821 | D:6      | Killed Dowan
  5845 | D:6      | Killed Duvessa
  6354 | D:7      | Identified the +2 spear "Edakist" {flame, Dex+7} (You found
                  | it on level 6 of the Dungeon)
  6395 | D:7      | Found a sparkling altar of Nemelex Xobeh.
  6498 | D:7      | Received a gift from Trog
  6525 | D:7      | Reached skill level 10 in Maces & Flails
  6690 | D:7      | Noticed Joseph
  6697 | D:7      | Killed Joseph
  7191 | D:8      | Found Zaum Enax's Weapon Boutique.
  7327 | D:8      | Found a snail-covered altar of Cheibriados.
  7442 | D:8      | Found a glowing silver altar of Zin.
  7499 | D:8      | Reached XP level 10. HP: 42/88 MP: 4/9
  7648 | D:8      | Noticed a two-headed ogre
  7660 | D:8      | Killed a two-headed ogre
  7660 | D:8      | Reached skill level 11 in Maces & Flails
  7925 | D:8      | Found an ornate altar of the Wu Jian Council.
  8058 | D:9      | Noticed Harold
  8064 | D:9      | Noticed Grum
  8084 | D:8      | Killed Harold
  8114 | D:9      | Noticed Erolcha
  8137 | D:9      | Killed Erolcha
  8143 | D:9      | Reached skill level 12 in Maces & Flails
  8263 | D:9      | Found a burning altar of Makhleb.
  8484 | D:9      | Paralysed by a hornet for 3 turns
  8496 | D:9      | Paralysed by a hornet for 2 turns
  8500 | D:9      | HP: 4/87 [poisoned by a hornet]
  8501 | D:9      | HP: 1/87 [hornet (2)]
  8502 | D:9      | Quit the game

Skill      XL: |  1  2  3  4  5  6  7  8  9 10 |
---------------+-------------------------------+-----
Maces & Flails | 3 4 5 6 9 10 12 | 12.0
Dodging        | 3 4 5 6 8 |  8.1
Stealth        | 1 2 |  2.0
Fighting       | |  2.4

Action                   |  1- 3 |  4- 6 |  7- 9 | 10-12 || total
-------------------------+-------+-------+-------+-------++-------
Melee: Mace              |    78 |       |       |       ||    78
       Whip              |    21 |   148 |   765 |   180 ||  1114
Invok: Berserk           |     1 |     5 |     5 |     2 ||    13
       Trog's Hand       |       |     1 |     3 |     1 ||     5
       Brothers in Arms  |       |       |     2 |     1 ||     3
  Use: Scroll            |       |     1 |       |       ||     1
       Potion            |       |       |       |     1 ||     1
 Stab: Sleeping          |       |     3 |     7 |     3 ||    13
       Distracted        |       |       |       |     1 ||     1
  Eat: Chunk             |     9 |    27 |    50 |    13 ||    99
Armor: Animal skin       |    48 |    50 |     2 |       ||   100
       Robe              |       |       |   163 |    20 ||   183
Dodge: Dodged            |    46 |    75 |   292 |    64 ||   477
